Map: Catalyst LE

Players

Elazer - Winner!

  • Race: Zerg Zerg
  • League: Grandmaster
  • Spawn Location: 5:00

Patience

  • Race: Protoss Protoss
  • Spawn Location: 11:00

Event: HomeStory Cup XVII

VOD

Have the link to the VOD?

Description

Time

  • Played on: June 30, 2018, 8:19 a.m.
  • Length: 12:09

All games in this series

Show
View Real Time Build Order
Export as new Build Order

Elazer Zerg - Winner!

Build Orders: Hatch First 

Get SALT Encoding   

  12  0:00  Drone  
  13  0:12  Overlord  
  13  0:16  Drone  
  14  0:30  Drone x2  
  16  0:48  Hatchery  
  15  0:51  Drone  
  15  0:55  Drone  
  17  0:58  Drone  
  18  1:08  Extractor  
  17  1:13  Spawning Pool  
  17  1:16  Drone  
  17  1:20  Drone  
  18  1:28  Drone  
  19  1:38  Drone  
  20  1:48  Overlord  
  20  1:59  Queen  
  20  2:00  Queen, Zergling x4  
  26  2:11  Metabolic Boost, Drone  
  26  2:12  Drone  
  28  2:22  Drone  
  29  2:23  Drone  
  30  2:32  Drone x2  
  32  2:40  Hatchery  
  31  2:46  Queen  
  31  2:50  Overlord  
  33  2:54  Drone  
  33  2:57  Drone  
  35  3:02  Drone  
  36  3:09  Drone x4  
  36  3:11  Drone x2  
  42  3:14  Overlord  
  42  3:21  Queen  
  42  3:25  Overlord  
  44  3:33  Drone x4  
  48  3:36  Evolution Chamber  
  48  3:39  Drone  
  48  3:40  Drone x2  
  50  3:47  Spore Crawler, Drone x2  
  51  3:53  Spore Crawler  
  51  3:54  Overlord  
  51  3:55  Drone x2  
  52  3:59  Queen  
  54  4:03  Zerg Melee Weapons Level 1  
  54  4:05  Drone  
  54  4:08  Spore Crawler  
  54  4:09  Drone  
  55  4:11  Drone  
  55  4:13  Drone  
  55  4:15  Drone  
  58  4:17  Drone x2  
  58  4:20  Drone  
  58  4:24  Overlord  
  61  4:26  Drone x2  
  61  4:30  Drone x3  
  66  4:35  Drone  
  66  4:41  Queen  
  68  4:45  Overlord  
  68  4:46  Drone  
  68  4:48  Queen  
  68  4:51  Drone x2  
  68  4:52  Drone, Extractor  
  73  4:53  Zergling x2, Extractor  
  73  4:57  Zergling x2  
  73  4:58  Zergling x2  
  73  5:00  Zergling x2  
  73  5:01  Zergling x2  
  73  5:06  Spore Crawler, Drone x2  
  73  5:07  Drone x3  
  76  5:10  Zergling x6  
  76  5:11  Lair  
  76  5:13  Overlord  
  80  5:16  Zergling x4  
  82  5:26  Overlord  
  82  5:35  Overlord  
  82  5:40  Queen  
  82  5:41  Hatchery  
  80  5:43  Zergling x18  
  80  5:46  Zergling x2  
  80  5:47  Zergling x4  
  89  5:53  Overlord  
  89  5:56  Queen  
  91  5:59  Drone x3  
  91  6:00  Overlord  
  95  6:04  Zergling x4  
  96  6:13  Hydralisk Den  
  94  6:19  Queen  
  94  6:21  Drone  
  93  6:26  Zergling x2  
  93  6:27  Zergling x16  
  101  6:41  Hydralisk x4  
  101  6:43  Muscular Augments  
  109  6:48  Hydralisk x4  
  109  6:49  Zerg Melee Weapons Level 2  
  116  6:54  Hydralisk x2  
  116  6:59  Hydralisk  
  115  7:02  Zergling x10  
  120  7:13  Hydralisk x2  
  120  7:14  Zergling x8  
  126  7:26  Drone x3, Extractor  
  127  7:31  Overlord x2  
  127  7:35  Baneling Nest  
  125  7:45  Hydralisk x2  
  125  7:50  Hydralisk  
  127  7:52  Zergling x2  
  127  7:53  Zergling x26  
  127  7:54  Grooved Spines, Queen x2  
  127  7:57  Queen  
  143  8:05  Queen  
  127  8:16  Hydralisk x4, Zergling x2  
  127  8:17  Zergling x10  
  120  8:22  Hydralisk  
  120  8:23  Zergling x2  
  109  8:32  Hydralisk  
  109  8:33  Zergling x2  
  91  8:36  Hydralisk x3, Zergling x2  
  92  8:41  Hydralisk  
  92  8:42  Zergling x6  
  92  8:43  Overseer  
  96  8:50  Drone  
  96  8:51  Drone x2  
  99  9:00  Drone x4  
  99  9:01  Centrifical Hooks  
  103  9:03  Drone  
  103  9:08  Drone x2  
  106  9:12  Zerg Missile Weapons Level 1  
  106  9:13  Drone x3  
  106  9:15  Extractor  
  108  9:24  Spore Crawler, Drone  
  105  9:25  Drone x2  
  105  9:27  Hydralisk x3  
  105  9:30  Zergling x14  
  121  9:34  Queen  
  121  9:41  Hydralisk  
  121  9:42  Hydralisk, Zergling x2  
  121  9:43  Zergling x8  
  121  9:45  Baneling x5  
  128  9:51  Hydralisk  
  131  9:52  Zergling x2  
  131  9:53  Zergling x8  
  135  10:02  Drone x3  
  135  10:03  Drone  
  138  10:11  Hydralisk x2  
  138  10:12  Hydralisk  
  142  10:18  Baneling x7  
  142  10:23  Overlord x2  
  142  10:26  Hatchery  
  142  10:27  Overlord  
  141  10:36  Overseer  
  141  10:40  Hydralisk  
  141  10:41  Hydralisk x5  
  151  10:55  Hydralisk x3  
  152  10:57  Zergling x22  
  152  11:01  Baneling x4  
  163  11:07  Drone x4  
  165  11:18  Zergling x14  
  155  11:21  Baneling x12  
  155  11:22  Baneling  
  157  11:26  Zergling x2  
  149  11:33  Zergling x18  
  149  11:37  Hydralisk x4  
  118  11:48  Zergling x2  
  118  11:49  Zergling x10  
  118  11:50  Zergling x2  
Show
View Real Time Build Order
Export as new Build Order

Patience Protoss 

Build Orders: 1 Gate Expand, Oracle Opening, Phoenix Opening, Zealot Archon, Archon Drop 

Get SALT Encoding   

  12  0:00  Probe  
  13  0:12  Probe  
  14  0:18  Pylon  
  14  0:24  Probe  
  15  0:32  Probe  
  15  0:40  Probe  
  16  0:44  Gateway  
  16  0:48  Assimilator  
  17  0:51  Probe  
  18  1:03  Probe  
  19  1:15  Probe  
  20  1:26  Nexus  
  20  1:36  Cybernetics Core  
  21  1:40  Probe  
  21  1:46  Assimilator  
  21  1:52  Probe  
  22  1:56  Pylon  
  22  2:04  Probe  
  22  2:05  Adept  
  25  2:16  Probe  
  25  2:19  Stargate  
  26  2:26  Warp Gate  
  26  2:28  Probe  
  27  2:31  Adept  
  27  2:36  Probe  
  29  2:37  Probe  
  31  2:44  Probe  
  31  2:45  Probe  
  33  2:52  Probe  
  33  2:54  Probe  
  33  2:56  Phoenix  
  35  3:04  Probe  
  38  3:06  Probe  
  38  3:09  Adept  
  41  3:16  Probe  
  41  3:18  Gateway  
  42  3:24  Oracle  
  45  3:29  Pylon  
  45  3:31  Probe  
  46  3:44  Probe  
  46  3:45  Assimilator  
  46  3:47  Assimilator, Probe  
  48  3:53  Probe  
  48  3:55  Robotics Facility  
  48  3:57  Pylon  
  48  4:01  Probe  
  48  4:02  Twilight Council  
  49  4:04  Probe  
  51  4:13  Probe  
  52  4:18  Probe  
  52  4:21  Pylon  
  52  4:23  Pylon  
  53  4:25  Probe  
  53  4:30  Probe  
  55  4:32  Warp Prism  
  55  4:38  Gateway x2  
  55  4:45  Probe x2  
  59  4:50  Templar Archives  
  59  4:51  Forge  
  59  5:04  Probe  
  59  5:06  Probe  
  59  5:07  Observer  
  59  5:08  Zealot x2, Pylon  
  62  5:16  Probe  
  63  5:23  Protoss Ground Weapons Level 1  
  63  5:27  Gateway  
  63  5:28  Gateway  
  63  5:33  High Templar  
  63  5:34  High Templar x2  
  63  5:35  Gateway, High Templar  
  71  5:36  Gateway  
  71  5:38  Archon  
  71  5:39  Archon  
  67  5:50  Charge, Shield Battery  
  67  5:51  Pylon  
  67  6:04  Pylon  
  67  6:16  Zealot  
  67  6:17  Zealot x2  
  72  6:18  Zealot  
  72  6:20  Probe x2  
  76  6:33  Pylon  
  76  6:35  Nexus, Pylon  
  76  6:42  Nexus  
  76  6:44  Pylon  
  76  6:45  Zealot x2  
  76  6:46  High Templar x3, Zealot  
  88  6:47  High Templar  
  88  6:50  Zealot  
  88  6:51  Archon x2  
  92  7:00  Pylon  
  90  7:06  Zealot x3  
  96  7:13  Zealot  
  98  7:16  Protoss Ground Weapons Level 2  
  98  7:18  Pylon  
  98  7:19  Zealot x2  
  102  7:23  High Templar x2  
  102  7:27  Archon, Zealot  
  102  7:28  Zealot  
  110  7:35  Pylon  
  110  7:36  Zealot  
  110  7:54  High Templar x2, Zealot x3  
  110  7:55  Zealot x2  
  110  7:58  Archon, Zealot  
  108  8:15  Zealot x4  
  108  8:16  Zealot  
  84  8:34  Zealot x3  
  76  8:40  Zealot x5  
  76  8:47  Probe x3, Pylon  
  75  8:54  Warp Prism  
  75  8:59  Probe x3  
  75  9:01  High Templar x2  
  75  9:02  High Templar x2  
  86  9:05  Archon  
  86  9:06  Archon  
  88  9:10  Psionic Storm  
  88  9:12  Zealot x2  
  88  9:13  Probe x2  
  88  9:16  Zealot  
  96  9:25  Zealot  
  98  9:33  High Templar  
  98  9:34  High Templar  
  102  9:49  Zealot x4  
  102  9:50  Zealot  
  102  9:51  Assimilator  
  112  9:55  Pylon  
  112  9:57  Assimilator  
  112  10:06  High Templar x2  
  116  10:09  Warp Prism  
  118  10:23  Zealot x6  
  130  10:40  High Templar x2  
  132  10:44  Archon  
  132  10:45  Zealot x6  
  144  10:50  Archon  
  130  11:19  Archon  
  130  11:21  Zealot x8  
  80  11:41  Zealot x5  
  80  11:42  Zealot x3  
  52  12:02  Zealot x4  
  52  12:06  High Templar x3  
Tags
 
Add a new tag
Caveats
  • Supply blocks, unpowered buildings, or Contaminate may cause inaccurate times.
  • Supply counts are checked every 10 seconds.